 Dungeon Crawl Stone Soup version 0.25-a0-482-g9b3b753 (webtiles) character file.

Game seed: 7096022719932768686, levelgen mode: deterministic

252200 DrEnzyme the Severer (level 20, -18/132 HPs)
             Began as a Tengu Wanderer on Feb 2, 2020.
             Was a High Priest of Okawaru.
             Killed from afar by a Hell Sentinel (49 damage)
             ... with damnation
             ... on level 4 of the Abyss on Feb 9, 2020.
             The game lasted 03:07:35 (75291 turns).

DrEnzyme the Severer (Tengu Wanderer)              Turns: 75291, Time: 03:07:36

Health: -18/132    AC: 20    Str: 18    XL:     20   Next: 12%
Magic:  19/33      EV: 30    Int: 14    God:    Okawaru [*****.]
Gold:   1601       SH:  7    Dex: 24    Spells: 17/19 levels left

rFire    + + .     SeeInvis +   a - +9 war axe (freeze)
rCold    + . .     Gourm    .   j - +0 buckler
rNeg     . . .     Faith    .   T - +4 scale mail "Koegujam" {rElec}
rPois    +         Spirit   .   M - +2 hat {SInv}
rElec    +         Reflect  .   u - +1 cloak {+Inv}
rCorr    +         Harm     .   Q - +0 pair of gloves "Maacec" {rElec rF+ Dex+3} (curse)
MR       ++...                  (boots unavailable)
Stlth    ++........             C - amulet of rage
HPRegen  0.32/turn              V - ring of protection from magic
MPRegen  0.23/turn              t - ring "Sutwev Acewo" {rPois MP+9}

@: agile, resistant, berserk cooldown, flying quickly and evasively, slowed,
very slow
A: antennae 1, beak, talons 3, blurry vision 1, sense surroundings 1, able to
fly
}: 1/15 runes: serpentine
a: Stop Flying, Heroism, Finesse, Renounce Religion, Evoke Berserk Rage, Evoke
Invisibility


You were on level 4 of the Abyss.
You worshipped Okawaru.
Okawaru was extremely pleased with you.
You were not hungry.

You visited 7 branches of the dungeon, and saw 35 of its levels.
You visited the Abyss 1 time.
You visited 1 bazaar.
You also visited: Ice Cave and Desolation.

You collected 3083 gold pieces.
You spent 1482 gold pieces at shops.

Inventory:

Hand Weapons
 a - a +9 war axe of freezing (weapon)
 c - a +2 scimitar of flaming
 D - the +12 glaive of Prune {vorpal}
   (You found it on level 12 of the Dungeon)

   It inflicts extra damage upon your enemies.
 R - the +2 executioner's axe of Naagu {flame, Str+2}
   (You acquired it on level 2 of the Lair of Beasts)

   It has been specially enchanted to burn those struck by it, causing extra
   injury to most foes and up to half again as much damage against particularly
   susceptible opponents.
   Big, fiery blades are also staple armaments of hydra-hunters.
   It affects your strength (+2).
Missiles
 d - 32 silver javelins
 n - 6 javelins (quivered)
Armour
 j - a +0 buckler (worn)
 u - a +1 cloak of invisibility (worn)
 M - a +2 hat of see invisible (worn)
 Q - the cursed +0 pair of gloves "Maacec" (worn) {rElec rF+ Dex+3}
   (You bought it in a shop on level 3 of the Elven Halls)

   It affects your dexterity (+3).
   It protects you from fire.
   It insulates you from electricity.
   If you remove this armour, your AC will decrease by 2 (20 -> 18).
   It has a curse placed upon it.
 T - the +4 scale mail "Koegujam" (worn) {rElec}
   (You bought it in a shop on level 2 of the Orcish Mines)

   It insulates you from electricity.
   If you remove this armour, your AC will decrease by 14 (20 -> 6).
Jewellery
 g - a +4 ring of slaying
 p - an uncursed amulet of the gourmand
 t - the ring "Sutwev Acewo" (right hand) {rPois MP+9}
   (You found it on level 2 of the Snake Pit)

   [ring of magical power]

   It protects you from poison.
   It affects your magic capacity (+9).
 v - an uncursed ring of fire
 C - an amulet of rage (around neck)
 E - an uncursed ring of wizardry
 K - an uncursed ring of protection from cold
 U - an uncursed ring of positive energy
 V - a ring of protection from magic (left hand)
 Y - an uncursed amulet of magic regeneration
Wands
 e - a wand of acid (22)
 q - a wand of flame (58)
 w - a wand of random effects (55)
 y - a wand of polymorph (20)
 H - a wand of iceblast (39)
 P - a wand of digging (5)
 W - a wand of paralysis (1)
Scrolls
 h - 2 scrolls of teleportation
 i - a scroll of identify
 l - 2 scrolls of blinking
 m - 19 scrolls of remove curse
 o - a scroll of holy word
 x - 2 scrolls of enchant weapon
 z - 6 scrolls of fear
 B - 6 scrolls of amnesia
 L - a scroll of enchant armour
 N - 4 scrolls of fog
 O - a scroll of silence
Potions
 r - 2 potions of magic
 s - 2 potions of mutation
 A - 2 potions of berserk rage
 F - 2 potions of agility
 G - 8 potions of curing
 I - a potion of heal wounds
 J - 4 potions of brilliance
Miscellaneous
 k - a lamp of fire (inert)
Comestibles
 f - 22 rations


   Skills:
 + Level 16.4 Fighting
 + Level 18.8(19.0) Axes
 - Level 6.1(13.8) Polearms
 + Level 16.5 Throwing
 + Level 14.8 Armour
 + Level 13.3 Dodging
 - Level 1.2 Stealth
 + Level 7.1 Shields
 - Level 1.5 Charms
 - Level 1.0 Ice Magic
 - Level 5.0 Invocations
 + Level 5.0 Evocations


You had 17 spell levels left.
You knew the following spells:

 Your Spells              Type           Power        Failure   Level  Hunger
a - Freeze                Ice            #...         41%         1    ##.....
b - Infusion              Chrm           #...         34%         1    ##.....

Your spell library contained the following spells:

 Spells                   Type           Power        Failure   Level  Hunger
 Song of Slaying          Chrm           #.......     47%         2    ###....
 Beastly Appendage        Tmut           #.....       54%         1    ##.....
 Corona                   Hex            #......      54%         1    ##.....
 Magic Dart               Conj           #...         54%         1    ##.....
 Shock                    Conj/Air       #...         54%         1    ##.....
 Shroud of Golubria       Chrm/Tloc      #.....       58%         2    ###....
 Swiftness                Chrm/Air       #.......     58%         2    ###....
 Ensorcelled Hibernation  Hex/Ice        #.....       63%         2    ###....
 Blink                    Tloc           N/A          69%         2    ###....
 Call Imp                 Summ           #.......     69%         2    ###....
 Corpse Rot               Necr/Air       N/A          69%         2    ###....
 Searing Ray              Conj           #.....       69%         2    ###....
 Slow                     Hex            #.......     69%         2    ###....
 Sticks to Snakes         Tmut           #.......     69%         2    ###....
 Sublimation of Blood     Necr           #.........   69%         2    ###....
 Ozocubu's Armour         Chrm/Ice       #.......     75%         3    ####...
 Spectral Weapon          Hex/Chrm       #.......     82%         3    ####...
 Confusing Touch          Hex            #.......     89%         3    ####...
 Conjure Flame            Conj/Fire      #.......     89%         3    ####...
 Dazzling Flash           Conj/Hex       #.....       89%         3    ####...
 Gell's Gravitas          Tloc           #.........   89%         3    ####...
 Lesser Beckoning         Tloc           #.........   89%         3    ####...
 Mephitic Cloud           Conj/Pois/Air  #.......     89%         3    ####...
 Recall                   Summ/Tloc      N/A          89%         3    ####...
 Spider Form              Tmut/Pois      #.........   89%         3    ####...
 Static Discharge         Conj/Air       #.......     89%         3    ####...
 Teleport Other           Tloc           #.......     89%         3    ####...
 Tukima's Dance           Hex            #.......     89%         3    ####...
 Ice Form                 Ice/Tmut       #.......     99%         4    #####..
 Airstrike                Air            #.........   100%        4    #####..
 Animate Dead             Necr           N/A          100%        4    #####..
 Cause Fear               Hex            #.........   100%        4    #####..
 Dispel Undead            Necr           #.......     100%        4    #####..
 Fulminant Prism          Conj/Hex       #.........   100%        4    #####..
 Iskenderun's Mystic Bla  Conj/Tloc      #.......     100%        4    #####..
 Passage of Golubria      Tloc           N/A          100%        4    #####..
 Petrify                  Tmut/Erth      #.......     100%        4    #####..
 Agony                    Necr           #.......     100%        5    ######.
 Blade Hands              Tmut           #.........   100%        5    ######.
 Borgnjor's Vile Clutch   Necr/Erth      #.........   100%        5    ######.
 Excruciating Wounds      Chrm/Necr      #.........   100%        5    ######.
 Irradiate                Conj/Tmut      #.........   100%        5    ######.
 Lightning Bolt           Conj/Air       #.........   100%        5    ######.
 Metabolic Englaciation   Hex/Ice        #.........   100%        5    ######.
 Silence                  Hex/Air        #.........   100%        5    ######.
 Yara's Violent Unravell  Hex/Tmut       #.........   100%        5    ######.
 Death Channel            Necr           #.........   100%        6    #######
 Deflect Missiles         Chrm/Air       #.........   100%        6    #######
 Hydra Form               Tmut           #.........   100%        6    #######
 Simulacrum               Ice/Necr       #.........   100%        6    #######
 Statue Form              Tmut/Erth      #........    100%        6    #######
 Dragon Form              Tmut           #.........   100%        7    #######
 Discord                  Hex            #.........   100%        8    #######


Dungeon Overview and Level Annotations

Branches:
Dungeon (15/15)            Temple (1/1) D:7            Lair (6/6) D:9
  Swamp (4/4) Lair:4        Snake (4/4) Lair:2        Slime (0/5) Lair:5
    Orc (2/2) D:11            Elf (3/3) Orc:2        Vaults (0/5) D:14
 Depths (0/5) D:15          IceCv (visited)         Desolation (visited)

Altars:
Ashenzari
Cheibriados
Dithmenos
Elyvilon
Fedhas
Gozag
Hepliaklqana
Kikubaaqudgha
Makhleb
Nemelex Xobeh
Okawaru
Qazlal
Ru
Sif Muna
Trog
Uskayaw
Vehumet
Wu Jian
Xom
Yredelemnul
Zin
The Shining One
Beogh
Jiyva

Shops:
D:9 !   D:15 ?   Orc:2 %:[}   Elf:3 [

Annotations:
D:10 exclusion: oklob plant
D:14 3 runed translucent doors, mallonox's ghost, journeyman GrBe
Lair:2 exclusion: door
Lair:5 1 runed translucent door
Lair:6 2 runed translucent doors
Swamp:1 2 transporters
Swamp:2 exclusion: downstairs
Swamp:4 3 runed translucent doors, 1 exclusion, Despondentz's ghost, adept DrFE; Lernaean hydra
Snake:1 3 runed translucent doors, Suissygh's ghost, journeyman DsWn
Snake:2 exclusions: 2 naga magi and naga sharpshooter
Elf:2 5 runed translucent doors, exclusion: 5 doors


Innate Abilities, Weirdness & Mutations

You have a beak for a mouth.
You have claws for feet.
You can fly continuously.
You have a pair of small antennae on your head.
Scrolls take you a little longer to read.
You passively map a small area around you.


Message History

You start resting.
A Hell Sentinel comes into view.
You feel protected.
The Hell Sentinel roars!
The Hell Sentinel hits you!!
* * * LOW HITPOINT WARNING * * *
You block the Hell Sentinel's attack.
Okay, then.
You hit the Hell Sentinel but do no damage.
You claw the Hell Sentinel, but do no damage.
The Hell Sentinel completely misses you.
The Hell Sentinel misses you. x2; The Hell Sentinel hits you!
* * * LOW HITPOINT WARNING * * *
You hit the Hell Sentinel.
You claw the Hell Sentinel, but do no damage.
You peck the Hell Sentinel, but do no damage.
The Hell Sentinel is lightly wounded.
The Hell Sentinel gestures at you.
The sphere of damnation explodes!
The damnation engulfs you!!!
You die...

.. .# .. ..
###.#{ . .....
..## .. ...
..#.. # ...#
####+#..8#+# . .
..).# .##.## .#.
... .....#...# .
.... .. .#.⌠.#
... ..#....#@))#
. .
.#⌠.....#1''# .#
. . . . .[(∩....
# .
.###.....##...##
# #.#.#..# .#.#
.## . .... ....#
. # .. ......
...# # .
........ . ....
....... # ...


You could see a Hell Sentinel.

Vanquished Creatures
  Bai Suzhen (Snake:4)
  Saint Roka (Snake:3)
  Nikola (Swamp:3)
  Jorgrun (Elf:1)
  2 tentacled starspawn (Abyss:4)
  Kirke (Swamp:3)
  A thorn hunter (Swamp:2)
  Donald (Snake:4)
  6 nagarajas
  Roxanne (Snake:4)
  An orc warlord (Elf:2)
  Aizul (Elf:1)
  A deep elf elementalist (Abyss:4)
  An angel (Abyss:4)
  Nessos (D:13)
  A deep elf annihilator (Elf:1)
  An ettin (Orc:1)
  A deep elf death mage (Elf:1)
  A deep elf high priest (Elf:1)
  11 naga warriors
  A yaktaur captain (D:15)
  12 hydras
  2 peacekeepers (Desolation)
  The ghost of AngryBottledMilk the Blocker, a journeyman FoFi (Lair:2)
  15 anacondas
  2 shambling mangroves
  A ghost crab (Swamp:4)
  6 centaur warriors
  2 tengu warriors (D:15)
  15 alligators
  6 death yaks
  9 two-headed ogres
  14 dancing weapons
  3 small abominations
  2 hell hogs
  2 ogre magi
  10 naga sharpshooters
  8 orc high priests
  10 shock serpents
  9 spriggans
  A vampire mage (D:12)
  6 deep elf knights
  6 salamander mystics
  A spriggan druid (Swamp:3)
  An unseen horror (D:13)
  12 swamp dragons
  9 naga ritualists
  7 deep elf archers
  11 orc knights
  5 lindwurms
  5 wizards
  23 mana vipers
  8 ugly things
  43 deep elf magi
  2 orc sorcerers
  9 salamanders
  3 manticores
  18 elephants
  4 cyclopes
  Maurice (D:12)
  20 naga magi
  41 black mambas
  8 guardian serpents
  2 gargoyles
  Maggie (Lair:1)
  19 spiny frogs
  A rime drake (Lair:3)
  An efreet (Abyss:3)
  9 komodo dragons
  A freezing wraith (D:15)
  2 polar bears
  13 tyrant leeches
  A queen bee (D:9)
  5 trolls
  7 blink frogs
  16 hornets
  13 hippogriffs
  A meliai zombie (D:14)
  4 saltlings (Desolation)
  17 slime creatures
  8 bog bodies
  5 flying skulls (Abyss:4)
  6 shadows
  2 hogs (Swamp:2)
  32 yaks
  3 basilisks
  3 vampires
  2 water elementals
  A wraith (D:11)
  5 wyverns
  Grum (D:9)
  5 fire elementals
  2 chaos spawn (D:15)
  19 vampire mosquitoes
  2 wargs
  3 steam dragons
  4 soldier ants
  14 insubstantial wisps
  26 nagas
  19 swamp worms
  15 water moccasins
  4 hell hounds (Lair:6)
  An acid dragon (D:14)
  7 porcupines
  3 sky beasts
  3 black bears
  12 swamp drakes
  55 orc warriors
  2 ice beasts
  A necrophage (D:7)
  3 boggarts (D:15)
  2 phantoms
  8 ogres
  18 centaurs
  15 wolves
  14 crocodiles
  4 big kobolds
  22 bullfrogs
  A gnoll sergeant (D:12)
  2 earth elementals
  A wyvern skeleton (D:11)
  5 scorpions
  17 killer bees
  3 wights (D:12)
  4 howler monkeys
  2 electric eels (Lair:4)
  2 lava snakes
  9 crimson imps
  2 bullfrog zombies (D:6)
  A bullfrog skeleton (D:12)
  A wyvern simulacrum (D:14)
  8 jellies
  16 orc wizards
  2 quasits
  5 centaur zombies
  48 orc priests
  A gnoll shaman (D:5)
  5 hounds
  7 centaur skeletons
  3 iguanas
  6 worker ants
  Natasha (thrice) (D:3)
  A hound skeleton (D:8)
  A worker ant zombie (D:6)
  2 howler monkey zombies (D:10)
  Robin (D:4)
  A howler monkey skeleton (D:10)
  9 gnolls
  10 adders
  3 shadow imps
  A white imp (D:8)
  An ufetubus (Abyss:4)
  15 oozes (Lair:3)
  2 adder skeletons
  An adder zombie (D:9)
  2 worms
  3 dart slugs
  5 leopard geckos
  87 orcs
  3 giant cockroaches
  18 goblins
  10 hobgoblins
  12 jackals
  4 quokkas
  2 ball pythons
  7 bats
  4 frilled lizards
  A hobgoblin zombie (D:8)
  18 kobolds
  3 kobold skeletons (D:8)
  4 kobold zombies
  An orc skeleton (D:8)
  3 orc zombies (D:8)
  4 rats
  3 fungi
  2 pillars of salt (Elf:2)
  25 plants (Lair:2)
1297 creatures vanquished.

Vanquished Creatures (collateral kills)
  A yak (D:11)
  An ice beast (D:11)
  A worker ant (D:11)
3 creatures vanquished.

Vanquished Creatures (others)
  A spriggan (Swamp:3)
  An unseen horror (D:14)
  A blink frog (Swamp:2)
  A hornet (Swamp:3)
  A bog body (Swamp:3)
  A yak (D:11)
  A human (Swamp:3)
  A naga (Snake:4)
  A killer bee (D:10)
  An ooze (D:2)
  18 fungi
  6 pillars of salt (Elf:2)
  8 plants
  7 starspawn tentacles (Abyss:4)
49 creatures vanquished.

Grand Total: 1349 creatures vanquished

Notes
Turn   | Place    | Note
-------+----------+-------------------------------------------
     0 | D:1      | DrEnzyme the Tengu Wanderer began the quest for the Orb.
     0 | D:1      | DrEnzyme set off with the following items: a +0 spear, a
                  | fan of gales, a +0 robe, a ration; and the following spell
                  | memorised: Freeze; and the following spells available to
                  | memorise: Ozocubu's Armour
     0 | D:1      | Reached XP level 1. HP: 14/14 MP: 3/3
   224 | D:1      | Reached XP level 2. HP: 19/19 MP: 4/4
   713 | D:1      | Reached XP level 3. HP: 23/24 MP: 5/5
  1182 | D:2      | Found a stormy altar of Qazlal.
  1476 | D:2      | Found a hide-covered altar of Uskayaw.
  1512 | D:2      | Reached skill level 1 in Polearms
  1512 | D:2      | Reached XP level 4. HP: 29/29 MP: 6/6
  1555 | D:2      | Found a shimmering altar of Xom.
  1592 | D:2      | Found a radiant altar of Vehumet.
  1805 | D:2      | Found an ancient bone altar of Kikubaaqudgha.
  1987 | D:2      | Found an ornate altar of the Wu Jian Council.
  2274 | D:3      | Noticed Natasha
  3622 | D:3      | Reached skill level 1 in Throwing
  3622 | D:3      | Reached skill level 1 in Dodging
  3622 | D:3      | Gained mutation: You can fly continuously. [Tengu growth]
  3622 | D:3      | Reached XP level 5. HP: 15/34 MP: 7/7
  3624 | D:3      | Killed Natasha
  3649 | D:3      | Noticed Natasha
  3656 | D:3      | Killed Natasha
  4455 | D:3      | Noticed Natasha
  4466 | D:3      | Killed Natasha
  4466 | D:3      | Reached skill level 1 in Stealth
  4466 | D:3      | Reached XP level 6. HP: 30/39 MP: 8/8
  5467 | D:4      | Noticed Robin
  5551 | D:4      | Killed Robin
  5882 | D:5      | Entered Level 5 of the Dungeon
  6139 | D:5      | Reached XP level 7. HP: 36/44 MP: 9/9
  6858 | D:5      | Found a glowing silver altar of Zin.
  7601 | D:6      | Found a shattered altar of Ashenzari.
  7659 | D:6      | Learned a level 1 spell: Infusion
  7794 | D:6      | Reached XP level 8. HP: 27/48 MP: 10/10
  7802 | D:6      | Reached skill level 5 in Throwing
  8583 | D:7      | Reached skill level 5 in Fighting
  8583 | D:7      | Reached skill level 5 in Armour
  8768 | D:7      | Found an opulent altar of Gozag.
  8868 | D:7      | Noticed a hornet
  9283 | D:7      | Found a staircase to the Ecumenical Temple.
  9299 | Temple   | Entered the Ecumenical Temple
  9362 | Temple   | Became a worshipper of Warmaster Okawaru
 10037 | D:8      | Found a basalt altar of Yredelemnul.
 10064 | D:8      | Reached skill level 5 in Polearms
 10291 | D:8      | Reached XP level 9. HP: 47/52 MP: 11/11
 10367 | D:8      | Found a glowing golden altar of the Shining One.
 10420 | D:8      | Reached * piety under Okawaru
 10563 | D:8      | Found a hazy altar of Hepliaklqana.
 11083 | D:8      | Noticed a two-headed ogre
 11193 | D:8      | Killed a two-headed ogre
 11193 | D:8      | Reached ** piety under Okawaru
 11193 | D:8      | Reached skill level 2 in Axes
 11505 | D:9      | Found Tizorghui's Distillery.
 11528 | D:9      | Bought a potion of curing for 36 gold pieces
 11528 | D:9      | Bought a potion of curing for 36 gold pieces
 11528 | D:9      | Bought a potion of curing for 36 gold pieces
 11528 | D:9      | Bought a potion of curing for 36 gold pieces
 11528 | D:9      | Bought a potion of degeneration for 12 gold pieces
 11537 | D:9      | Bought a potion of agility for 48 gold pieces
 11537 | D:9      | Bought a potion of berserk rage for 60 gold pieces
 11663 | D:9      | Reached skill level 3 in Axes
 11685 | D:9      | Noticed Grum
 11862 | D:9      | Noticed a hornet
 11918 | D:9      | Killed a hornet
 12244 | D:9      | Reached skill level 4 in Axes
 12719 | D:9      | Reached XP level 10. HP: 42/61 MP: 12/12
 13198 | D:9      | Found a staircase to the Lair.
 13226 | D:9      | Reached skill level 5 in Axes
 13465 | D:9      | Reached *** piety under Okawaru
 13677 | D:9      | Reached skill level 5 in Dodging
 14712 | D:9      | Reached skill level 6 in Axes
 14833 | D:9      | Killed Grum
 14833 | D:9      | Received a gift from Okawaru
 15050 | D:10     | Entered Level 10 of the Dungeon
 15251 | D:10     | Found a white marble altar of Elyvilon.
 15256 | D:10     | Noticed an oklob plant
 15578 | D:10     | HP: 3/63 [poisoned by a killer bee]
 15586 | D:10     | HP: 3/63 [poisoned by a killer bee]
 16545 | D:10     | Upgraded the game from 0.25-a0-458-g6fc7858 to
                  | 0.25-a0-464-g3004169
 16911 | D:9      | Reached skill level 7 in Axes
 17006 | D:11     | Found a staircase to the Orcish Mines.
 17006 | D:11     | Noticed a green ugly thing
 17147 | D:10     | Reached **** piety under Okawaru
 17268 | D:11     | Reached XP level 11. HP: 54/67 MP: 13/13
 17315 | D:11     | Found a flickering gateway to a bazaar.
 17322 | Bazaar   | Entered a bazaar
 17330 | Bazaar   | Found Custreum's Antique Weapon Emporium.
 17343 | Bazaar   | Found Qenix's Antique Weapon Shoppe.
 17358 | Bazaar   | Found Tycsoa's Antique Armour Shoppe.
 17369 | Bazaar   | Found Onwung Kobb's Antique Armour Emporium.
 17449 | Bazaar   | Bought a shiny scale mail for 147 gold pieces
 17449 | Bazaar   | Bought a cloak for 94 gold pieces
 17533 | D:11     | Reached skill level 8 in Axes
 17773 | D:11     | Found a frozen archway.
 17782 | IceCv    | Entered an ice cave
 18306 | Lair:1   | Entered Level 1 of the Lair of Beasts
 19236 | Lair:1   | Reached ***** piety under Okawaru
 19463 | Lair:1   | Noticed Maggie
 19477 | Lair:1   | Killed Maggie
 19567 | Lair:1   | Received a gift from Okawaru
 19572 | Lair:1   | Got a shadowed robe {god gift}
 19690 | Lair:1   | Identified the +0 robe "Paule" {rPois Str+7 Int-2 Stlth-}
                  | (Okawaru gifted it to you on level 1 of the Lair of Beasts)
 19800 | Lair:1   | Reached skill level 9 in Axes
 20061 | Lair:2   | Found a runed translucent gate.
 20061 | Lair:2   | Found a runed translucent gate.
 20061 | Lair:2   | Found a runed translucent gate.
 20088 | Lair:2   | Noticed AngryBottledMilk's ghost (journeyman FoFi)
 20487 | Lair:2   | Noticed a five-headed hydra
 20615 | Lair:2   | Found a staircase to the Snake Pit.
 21976 | Lair:2   | Reached XP level 12. HP: 74/74 MP: 14/14
 23102 | Lair:3   | Reached skill level 10 in Armour
 23320 | Lair:2   | Reached skill level 10 in Axes
 24244 | Lair:3   | Upgraded the game from 0.25-a0-464-g3004169 to
                  | 0.25-a0-469-gd9b0b5b
 24460 | Lair:3   | Noticed a six-headed hydra
 24483 | Lair:3   | Killed a six-headed hydra
 25263 | Lair:4   | Got an ancient hand crossbow
 25375 | Lair:3   | Received a gift from Okawaru
 25505 | Lair:3   | Reached skill level 11 in Axes
 26330 | Lair:4   | Received a gift from Okawaru
 26537 | Lair:4   | Found a staircase to the Swamp.
 26801 | Lair:3   | Reached XP level 13. HP: 51/80 MP: 15/15
 27411 | Lair:3   | Received a gift from Okawaru
 27467 | Lair:3   | Upgraded the game from 0.25-a0-469-gd9b0b5b to
                  | 0.25-a0-474-ga8a2ee3
 28056 | Lair:4   | Received a gift from Okawaru
 28223 | Lair:4   | Reached skill level 12 in Axes
 28766 | Lair:5   | Identified the +2 hand crossbow of Megalomania {flame, MR+
                  | Str+4 Dex+4} (You found it on level 4 of the Lair of
                  | Beasts)
 28987 | Lair:5   | Noticed Urug
 28996 | Lair:5   | Noticed Urug
 28996 | Lair:5   | Urug changed into Urug the shock serpent
 29000 | Lair:5   | Killed Urug the shock serpent
 29000 | Lair:5   | Reached skill level 10 in Throwing
 29278 | Lair:5   | Found a runed translucent door.
 29279 | Lair:5   | Found a viscous altar of Jiyva.
 29281 | Lair:5   | Found a staircase to the Slime Pits.
 30061 | Lair:6   | Entered Level 6 of the Lair of Beasts
 30070 | Lair:5   | Reached ****** piety under Okawaru
 30316 | Lair:6   | Received a gift from Okawaru
 30375 | Lair:6   | Got an ancient falchion
 30825 | Lair:6   | Identified the +4 falchion of Conscience {vorpal, rElec}
                  | (You found it on level 6 of the Lair of Beasts)
 31726 | Lair:6   | Reached skill level 10 in Fighting
 31998 | Lair:6   | Reached skill level 13 in Axes
 32646 | Lair:6   | Reached XP level 14. HP: 37/88 MP: 16/16
 33289 | Lair:6   | Found a large runed translucent door.
 33290 | Lair:6   | Found a large runed translucent door.
 33507 | Orc:1    | Entered Level 1 of the Orcish Mines
 33743 | Orc:2    | Entered Level 2 of the Orcish Mines
 33980 | Orc:2    | Found a staircase to the Elven Halls.
 35423 | Orc:2    | Received a gift from Okawaru
 38168 | Orc:2    | Reached skill level 14 in Axes
 38705 | Orc:2    | Found Tygeon's Gadget Boutique.
 38705 | Orc:2    | Found Acalemp's Armour Boutique.
 38706 | Orc:2    | Found Bosooxt's Book Shop.
 38706 | Orc:2    | Found Rolaox's Food Boutique.
 39805 | D:12     | Reached skill level 1 in Shields
 40454 | D:12     | Noticed Maurice
 40468 | D:12     | Killed Maurice
 40468 | D:12     | Received a gift from Okawaru
 40713 | D:12     | Found the +12 glaive of Prune {vorpal}
 40730 | D:12     | Received a gift from Okawaru
 40736 | D:12     | Got a fine battleaxe {god gift}
 40859 | D:12     | Reached XP level 15. HP: 59/95 MP: 17/17
 41707 | Snake:1  | Entered Level 1 of the Snake Pit
 41753 | Lair:2   | Identified the +4 battleaxe "Ryumo" {pain, *Slow rF+ MR+}
                  | (Okawaru gifted it to you on level 12 of the Dungeon)
 42318 | Snake:1  | Reached skill level 15 in Axes
 42690 | Swamp:1  | Entered Level 1 of the Swamp
 43666 | Swamp:1  | Received a gift from Okawaru
 43750 | Swamp:1  | Reached skill level 10 in Dodging
 44705 | Swamp:1  | Received a gift from Okawaru
 44790 | Swamp:1  | Found a transporter.
 44981 | Swamp:1  | Found a transporter.
 46821 | Swamp:2  | Received a gift from Okawaru
 47155 | Swamp:2  | Noticed a thorn hunter
 47169 | Swamp:2  | Killed a thorn hunter
 47394 | Swamp:2  | Received a gift from Okawaru
 48689 | D:9      | Found a shadowy altar of Dithmenos.
 49069 | D:7      | Gained mutation: You are occasionally teleported next to
                  | monsters. [potion of mutation]
 49069 | D:7      | Gained mutation: You are robust. (+10% HP) [potion of
                  | mutation]
 49070 | D:7      | Lost mutation: You are robust. (+10% HP) [potion of
                  | mutation]
 49070 | D:7      | Lost mutation: You are occasionally teleported next to
                  | monsters. [potion of mutation]
 49070 | D:7      | Gained mutation: Scrolls take you a little longer to read.
                  | [potion of mutation]
 49070 | D:7      | Gained mutation: You have a pair of small antennae on your
                  | head. [potion of mutation]
 49070 | D:7      | Gained mutation: You passively map a small area around you.
                  | [potion of mutation]
 49362 | Lair:2   | Killed AngryBottledMilk's ghost
 49362 | Lair:2   | Reached skill level 16 in Axes
 49816 | D:13     | Received a gift from Okawaru
 50154 | D:13     | Noticed Nessos
 50170 | D:13     | Killed Nessos
 50170 | D:13     | Reached XP level 16. HP: 103/103 MP: 18/18
 50626 | D:13     | Found a hazy altar of Hepliaklqana.
 50628 | D:13     | Found a stormy altar of Qazlal.
 50628 | D:13     | Found a burning altar of Makhleb.
 50636 | D:13     | Found a shimmering altar of Xom.
 50636 | D:13     | Found a shimmering altar of Xom.
 50636 | D:13     | Found a shadowy altar of Dithmenos.
 51031 | D:13     | Reached skill level 1 in Invocations
 51871 | Snake:1  | Received a gift from Okawaru
 52543 | Lair:2   | Identified a scroll of acquirement
 52543 | Lair:2   | Identified the -3 hat of Boredom {rF- rC++ MR- Dex+10} (You
                  | acquired it on level 2 of the Lair of Beasts)
 52543 | Lair:2   | Identified the +2 executioner's axe of Naagu {flame, Str+2}
                  | (You acquired it on level 2 of the Lair of Beasts)
 52560 | Lair:2   | Upgraded the game from 0.25-a0-474-ga8a2ee3 to
                  | 0.25-a0-479-g8579842
 52700 | Snake:1  | Found a runed translucent gate.
 52700 | Snake:1  | Found a runed translucent gate.
 52700 | Snake:1  | Found a runed translucent gate.
 52701 | Snake:1  | Noticed Suissygh's ghost (journeyman DsWn)
 52705 | Snake:1  | Found the +8 Wrath of Trog {antimagic, *Rage}
 54378 | Snake:2  | Received a gift from Okawaru
 54788 | Snake:2  | Got a clouded marble ring
 54796 | Snake:2  | Identified the ring "Sutwev Acewo" {rPois MP+9} (You found
                  | it on level 2 of the Snake Pit)
 55036 | Orc:2    | Bought the +4 scale mail "Koegujam" {rElec} for 570 gold
                  | pieces
 55513 | Snake:2  | Received a gift from Okawaru
 55867 | Snake:3  | Noticed a nagaraja
 56570 | Snake:3  | Noticed Saint Roka
 56774 | Swamp:3  | Noticed Kirke
 56947 | Swamp:3  | Noticed Nikola
 56950 | Swamp:3  | Reached skill level 5 in Evocations
 57229 | Swamp:3  | Killed Nikola
 57504 | Swamp:3  | Killed Kirke
 57504 | Swamp:3  | Reached XP level 17. HP: 69/109 MP: 21/21
 58033 | Swamp:3  | Received a gift from Okawaru
 58607 | Swamp:4  | Entered Level 4 of the Swamp
 58615 | Swamp:4  | Reached skill level 5 in Invocations
 59927 | Swamp:4  | Found a runed translucent gate.
 59927 | Swamp:4  | Found a runed translucent gate.
 59927 | Swamp:4  | Found a runed translucent gate.
 59930 | Swamp:4  | Noticed Despondentz's ghost (adept DrFE)
 61726 | Swamp:4  | Noticed the 27-headed Lernaean hydra
 62188 | D:14     | Reached skill level 17 in Axes
 62689 | D:14     | Found a gate to the Vaults.
 62962 | D:14     | Found a blossoming altar of Fedhas.
 62985 | D:14     | Found a runed translucent gate.
 62985 | D:14     | Noticed mallonox's ghost (journeyman GrBe)
 62986 | D:14     | Found a runed translucent gate.
 62987 | D:14     | Found a runed translucent gate.
 62998 | D:14     | Identified the cursed +1 triple sword of Paohie {flame, rF+
                  | MR- Int+3}
 62998 | D:14     | Identified the cursed +1 plate armour of the Meadowlark
                  | {*Drain MR+ Str+6 Stlth+}
 63058 | D:14     | Found a roughly hewn altar of Beogh.
 63285 | D:15     | Entered Level 15 of the Dungeon
 63292 | D:15     | Received a gift from Okawaru
 63640 | D:15     | Found a staircase to the Depths.
 63833 | D:15     | Found Wadwucl Cait's Magic Scroll Emporium.
 64160 | D:15     | Reached XP level 18. HP: 112/117 MP: 22/22
 64236 | D:15     | Received a gift from Okawaru
 64289 | D:15     | Found the +7 mace of Variability {chain chaos}
 64299 | D:15     | Found a shimmering altar of Xom.
 64582 | Snake:4  | Entered Level 4 of the Snake Pit
 64999 | Snake:4  | Identified Roxanne's Collected Works on Transmigration
 64999 | Snake:4  | Noticed Roxanne
 65137 | Snake:4  | Reached skill level 5 in Shields
 65534 | Snake:4  | Reached skill level 15 in Fighting
 65622 | Snake:4  | Noticed Bai Suzhen
 66627 | Snake:3  | Killed Saint Roka
 67036 | Snake:4  | Killed Roxanne
 67168 | Snake:4  | Killed Bai Suzhen
 67670 | Snake:4  | Noticed Donald
 67683 | Snake:4  | Killed Donald
 67800 | Snake:4  | Received a gift from Okawaru
 68610 | Snake:4  | Reached skill level 15 in Throwing
 69729 | Snake:4  | Reached XP level 19. HP: 124/124 MP: 23/23
 70193 | Snake:4  | Got a serpentine rune of Zot
 70279 | Snake:4  | Received a gift from Okawaru
 70471 | Elf:1    | Entered Level 1 of the Elven Halls
 70589 | Elf:1    | Reached skill level 18 in Axes
 70617 | Elf:1    | Received a gift from Okawaru
 70638 | Elf:1    | Identified the +0 cloak of Okawaru's Generosity {rC- Dex+5}
                  | (Okawaru gifted it to you on level 1 of the Elven Halls)
 70737 | Elf:1    | Noticed Jorgrun
 70746 | Elf:1    | Killed Jorgrun
 70773 | Elf:1    | Identified the +0 chain mail "Xuosoxta" {rC++ MR+ Int-2}
                  | (You found it on level 1 of the Elven Halls)
 71698 | Elf:1    | Noticed Aizul
 71717 | Elf:1    | Killed Aizul
 72308 | Elf:2    | Found a ruined gateway.
 72322 | Desolati | Entered the Desolation of Salt
 74017 | Elf:2    | Found a roughly hewn altar of Beogh.
 74140 | Elf:2    | Received a gift from Okawaru
 74427 | Elf:2    | Received a gift from Okawaru
 74431 | Elf:2    | Found a huge runed translucent gate.
 74431 | Elf:2    | Found a huge runed translucent gate.
 74431 | Elf:2    | Found a huge runed translucent gate.
 74499 | Elf:2    | Found a huge runed translucent gate.
 74499 | Elf:2    | Found a huge runed translucent gate.
 74559 | Elf:3    | Entered Level 3 of the Elven Halls
 74582 | Elf:2    | Upgraded the game from 0.25-a0-479-g8579842 to
                  | 0.25-a0-482-g9b3b753
 74879 | Elf:3    | Found Arunorre's Antique Armour Shop.
 74885 | Elf:3    | Bought a pair of brightly glowing gloves for 209 gold
                  | pieces
 74887 | Elf:3    | Identified the cursed +0 pair of gloves "Maacec" {rElec rF+
                  | Dex+3} (You bought it in a shop on level 3 of the Elven
                  | Halls)
 74900 | Elf:3    | Bought a scorched scale mail for 198 gold pieces
 74902 | Elf:3    | Identified the +4 scale mail "Laddysoes" {*Contam rN++ MR+
                  | Slay-5} (You bought it in a shop on level 3 of the Elven
                  | Halls)
 74937 | Elf:3    | Cast into level 3 of the Abyss (+3 long sword of
                  | distortion)
 74954 | Abyss:3  | Paralysed by you for 6 turns
 74980 | Abyss:3  | Reached XP level 20. HP: 71/132 MP: 24/24
 75166 | Abyss:4  | Received a gift from Okawaru
 75280 | Abyss:4  | Received a gift from Okawaru
 75291 | Abyss:4  | Killed from afar by a Hell Sentinel

Levels and vault maps discovered:
D:1:      elethiomel_arrival_shortcut, layout_basic
D:2:      layout_loops_ring, lemuel_crystal_altar, marbit_many_paths,
          nicolae_overflow_hidden_temple, fiery_altar_vehumet,
          kiku_gazebo_garden_becter, grunt_qazlal_clouds, first_ration,
          okawaru_altar_gauntlet_db
D:3:      layout_basic, uniq_natasha
D:4:      layout_gridville, feat_on_display, uniq_robin
D:5:      layout_rooms, zin_statuary
D:6:      layout_cave_pools, overflow_temple_1_default
D:7:      layout_loops_corners, nicolae_gozag_cash_rules_everything_around_me,
          minmay_temple_entry_arrows
D:8:      layout_rooms, nicolae_tso_besieged_by_evil, lemuel_doored_altar,
          overflow_temple_1_default
D:9:      layout_irregular_city, lemuel_coloured_pillars_altar,
          lair_entry_dummy, david_nohive_1, minmay_shop_grid_forest, uniq_grum
D:10:     layout_irregular_city, lemuel_oklob_altar
D:11:     layout_irregular_city, david_orc_3, portal_ice_cave_entry_pillars_1,
          serial_shops, bzr_entry_dummy
D:12:     layout_roguey, hangedman_decor_growths, minmay_guarded_unrand_prune,
          uniq_maurice
D:13:     layout_basic, doesnt_xom_only_xom, uniq_nessos
D:14:     layout_loops_ring, david_vaults_1, fedhas_altar_1,
          biasface_ghost_orc_armoury
D:15:     grunt_enter_depths_snipers, layout_basic, serial_shops,
          nicolae_shop_stone, minmay_misc_feat_rugged,
          minmay_guarded_unrand_variability
Temple:   compressed_dpeg_triangle_lava_temple
Lair:1:   layout_gridlike, st_stairs_10, beast_lair_carwin_4, uniq_maggie
Lair:2:   wad_woods_structure_01, layout_hall_layers, dummy_snake_entry,
          serial_rivers, chequers_serial_rivers_micro_b,
          chequers_serial_rivers_micro_e, chequers_serial_rivers_micro_d,
          chequers_serial_rivers_room_a, chequers_serial_rivers_room_a,
          ebering_ghost_rock_garden, gauntlet_entry_generic
Lair:3:   lemuel_slime, layout_loops_ring, nzn_random_ring, grunt_megastairs_2
Lair:4:   layout_gridlike, minmay_swamp_entry_worms,
          nicolae_quartered_pool_super, hibernation_bobbens,
          serial_bayou_shore_b
Lair:5:   layout_cave_pods, slime_altar_2, uniq_urug
Lair:6:   cheibrodos_lair_end_hotspot, layout_cave_shapes
Swamp:1:  gammafunk_the_bubble [the_bubble_gammafunk_crates],
          layout_falls_marsh, hangedman_swamp_lotus
Swamp:2:  layout_falls_marsh, evilmike_swamp_ruin_house_1,
          nicolae_swamp_round_clearing
Swamp:3:  layout_basic_swamp, evilmike_swamp_ruin_rubble_1,
          infiniplex_staircase_pool_2, uniq_nikola, uniq_kirke
Swamp:4:  swamp_old_school, layout_basic_swamp, ebering_ghost_rock_garden
Snake:1:  layout_onion, ebering_ghost_rock_garden, drop_trap
Snake:2:  layout_misc_corridors
Snake:3:  layout_grid_shapes, special_room, uniq_saint_roka
Snake:4:  snake_pit_salamanders_mu, layout_cave_town, uniq_bai_suzhen,
          uniq_donald, uniq_roxanne
Orc:1:    layout_caves
Orc:2:    st_orc_pillars, layout_diamond_mine
Elf:1:    eino_elf_arrival_customs, layout_geoelf_diagonals,
          serial_co_window_serial, co_window_paths_a, co_window_paths_a,
          co_window_paths_a, co_window_paths_a, co_window_corner_a,
          co_window_paths_b, co_window_of_opportunity_a, co_window_paths_c,
          co_window_broadway_a, co_window_paths_c, co_window_corner_b,
          co_window_4corner_a, co_window_4corner_b, glass_columns_a,
          glass_columns_b, kennysheep_underground_church, drop_trap,
          uniq_jorgrun, uniq_aizul
Elf:2:    layout_geoelf_diagonals, special_room [special_room_orc],
          portal_desolation_entry_garden
Elf:3:    minmay_elf_hall_spiked, layout_loops_cross, serial_shops, shop
Abyss:4:  base: Elf:3, guppyfry_abyss_exit_spiral_guarded,
          nicolae_abyss_rune_star_stuff, evilmike_abyss_rune_tso_outpost

Skill      XL: |  1  2  3  4  5  6  7  8  9 10 11 12 13 14 15 16 17 18 19 |
---------------+----------------------------------------------------------+-----
Fighting       | 4 5 6 7 8 9 10 11 12 13 14 15 16 | 16.4
Polearms       | 1 2 3 5 6 |  6.1
Throwing       | 1 2 3 4 5 6 7 8 9 10 11 12 15 16 | 16.5
Dodging        | 1 2 3 4 5 6 7 8 9 10 11 12 13 | 13.3
Armour         | 3 4 5 7 8 9 10 11 12 13 14 | 14.8
Stealth        | 1 |  1.2
Axes           | 4 7 9 11 13 14 16 17 18 | 18.8
Shields        | 2 4 6 7 |  7.1
Invocations    | 4 5 |  5.0
Evocations     | 5 |  5.0
Charms         | |  1.5
Ice Magic      | |  1.0

Action                   |  1- 3 |  4- 6 |  7- 9 | 10-12 | 13-15 | 16-18 | 19-21 || total
-------------------------+-------+-------+-------+-------+-------+-------+-------++-------
Melee: Spear             |    95 |   130 |   107 |       |       |       |       ||   332
       Kick              |    28 |    32 |    86 |   582 |   671 |   505 |   200 ||  2104
       Peck              |    17 |    17 |    48 |   354 |   419 |   314 |   125 ||  1294
       Trident           |       |       |   153 |       |       |       |       ||   153
       Hand axe          |       |       |    91 |  1260 |   198 |       |       ||  1549
       War axe           |       |       |       |       |  1134 |  1246 |   515 ||  2895
       Glaive            |       |       |       |       |   180 |       |       ||   180
       Scimitar          |       |       |       |       |    15 |    40 |       ||    55
Throw: Dart              |    11 |    98 |    79 |    35 |       |       |       ||   223
       Javelin           |       |     3 |    22 |   121 |   141 |   155 |    41 ||   483
 Cast: Freeze            |     2 |       |       |       |       |       |       ||     2
Invok: Heroism           |       |       |       |     2 |     1 |    12 |     7 ||    22
       Finesse           |       |       |       |       |       |     7 |     3 ||    10
 Abil: Fly               |       |     1 |       |       |       |       |       ||     1
Evoke: Wand              |       |       |    13 |    22 |    25 |     3 |     1 ||    64
       Fan of gales      |       |       |     1 |     1 |       |       |       ||     2
       Lamp of fire      |       |       |       |       |     3 |     1 |     1 ||     5
  Use: Potion            |       |     3 |     4 |     6 |     6 |     8 |     6 ||    33
       Scroll            |       |     4 |     4 |    13 |    21 |    15 |     9 ||    66
 Stab: Sleeping          |     2 |     2 |     2 |       |     1 |       |       ||     7
       Paralysed         |       |       |    11 |     6 |     5 |       |       ||    22
       Distracted        |       |       |       |     1 |       |       |       ||     1
       Invisible         |       |       |       |       |     1 |     3 |       ||     4
       Confused          |       |       |       |       |       |     3 |       ||     3
  Eat: Chunk             |     2 |    10 |    11 |    19 |    45 |    12 |    10 ||   109
       Ration            |       |     1 |     3 |     7 |     8 |    14 |     2 ||    35
Armor: Robe              |    20 |     4 |       |       |       |       |       ||    24
       Ring mail         |       |    37 |    88 |    20 |       |       |       ||   145
       Skin              |       |       |    22 |       |       |       |       ||    22
       Scale mail        |       |       |       |   236 |   356 |   289 |   105 ||   986
       Swamp dragon scal |       |       |       |       |    58 |    47 |       ||   105
Dodge: Dodged            |    59 |    90 |   283 |   721 |  1167 |  1060 |   266 ||  3646
Block: Buckler           |       |       |       |       |    82 |   311 |    63 ||   456
       Rpst.: Scimitar   |       |       |       |       |     1 |    11 |       ||    12

Table legend:
 A = Non-vault XP
 B = Vault XP
 C = Vault XP percentage of total XP
 D = Non-vault monster count
 E = Vault monster count
 F = Vault count percentage of total count
                 A         B        C        D         E       F
            +---------+---------+-------+---------+---------+-------
      Total |  261563 |  148938 |  36.3 |     902 |     373 |  29.3
            +---------+---------+-------+---------+---------+-------
        D:1 |      42 |       0 |   0.0 |      23 |       0 |   0.0
        D:2 |      60 |       5 |   7.7 |      25 |       1 |   3.8
        D:3 |     192 |      35 |  15.4 |      23 |       1 |   4.2
        D:4 |     184 |      34 |  15.6 |       8 |      12 |  60.0
        D:5 |     424 |       0 |   0.0 |      11 |       0 |   0.0
        D:6 |     670 |       0 |   0.0 |      15 |       0 |   0.0
        D:7 |    1070 |       0 |   0.0 |      11 |       0 |   0.0
        D:8 |    2040 |     276 |  11.9 |      26 |      16 |  38.1
        D:9 |    2076 |    1354 |  39.5 |      35 |      15 |  30.0
       D:10 |    1775 |       0 |   0.0 |      24 |       0 |   0.0
       D:11 |    3020 |     201 |   6.2 |      22 |       5 |  18.5
       D:12 |    8727 |    5219 |  37.4 |      53 |       8 |  13.1
       D:13 |    5530 |    1372 |  19.9 |      24 |       1 |   4.0
       D:14 |    9294 |    1657 |  15.1 |      32 |       3 |   8.6
       D:15 |   17111 |    2841 |  14.2 |      47 |       5 |   9.6
     Lair:1 |    2109 |    1595 |  43.1 |      12 |       8 |  40.0
     Lair:2 |    2644 |    2158 |  44.9 |      13 |       5 |  27.8
     Lair:3 |    9208 |    5293 |  36.5 |      24 |      41 |  63.1
     Lair:4 |    5732 |    1447 |  20.2 |      18 |       6 |  25.0
     Lair:5 |    8277 |     823 |   9.0 |      24 |       1 |   4.0
     Lair:6 |    6820 |    3412 |  33.3 |      21 |      13 |  38.2
    Swamp:1 |   12790 |       0 |   0.0 |      34 |       0 |   0.0
    Swamp:2 |   16115 |     407 |   2.5 |      36 |       2 |   5.3
    Swamp:3 |   18128 |    6365 |  26.0 |      50 |       2 |   3.8
    Swamp:4 |    8975 |    9773 |  52.1 |      34 |      16 |  32.0
    Snake:1 |   20701 |       0 |   0.0 |      42 |       0 |   0.0
    Snake:2 |   11950 |     824 |   6.5 |      22 |       6 |  21.4
    Snake:3 |    9833 |    5554 |  36.1 |      15 |      10 |  40.0
    Snake:4 |   23868 |   58362 |  71.0 |      43 |      72 |  62.6
      Orc:1 |    2133 |       0 |   0.0 |      18 |       0 |   0.0
      Orc:2 |    2757 |   11655 |  80.9 |      40 |      69 |  63.3
      Elf:1 |   15820 |   11044 |  41.1 |      25 |      13 |  34.2
      Elf:2 |   17610 |    9423 |  34.9 |      30 |      27 |  47.4
      Elf:3 |    5509 |       0 |   0.0 |       9 |       0 |   0.0
    Abyss:3 |    1158 |       0 |   0.0 |       2 |       0 |   0.0
    Abyss:4 |    7211 |    3920 |  35.2 |      11 |       4 |  26.7
      IceCv |       0 |     863 | 100.0 |       0 |       5 | 100.0
 Desolation |       0 |    3026 | 100.0 |       0 |       6 | 100.0
            +---------+---------+-------+---------+---------+-------
